 Dungeon Crawl Stone Soup version 0.31.0-1-g2c135a008e (webtiles) character file.

Game seed: 1625800772602092418

222 qw the Shooter (level 6, -2/46 HPs)
             Began as a Djinni Hunter on Jan 23, 2024.
             Slain by Terence
             ... wielding a +0 flail of protection
              (10 damage)
             ... on level 2 of the Dungeon.
             The game lasted 00:00:04 (1408 turns).

qw the Shooter (Djinni Hunter)                      Turns: 1408, Time: 00:00:05

Health: -2/46      AC:  5    Str: 10    XL:     6   Next: 19%
Gold:   115        EV: 11    Int: 10    God:
                   SH:  0    Dex: 19

rFire   + + .        a - +0 shortbow
rCold   x . .        (shield currently unavailable)
rNeg    . . .        d - +0 ring mail
rPois   inf          (no helmet)
rElec   .            (no cloak)
rCorr   .            (no gloves)
SInv    .            (boots unavailable)
Will    .....        (no amulet)
Stlth   +            (no ring)
HPRegen 0.27/turn    (no ring)
MPRegen 0.00/turn

%: infuse magic (-3 HP)
@: flying
A: sickness immunity, fire resistance 2, cold vulnerability 1, float, innate
caster, HP casting, extra vitality 1
a: no special abilities


You were on level 2 of the Dungeon.
You visited 1 branch of the dungeon, and saw 2 of its levels.

You collected 115 gold pieces.


Innate Abilities, Weirdness & Mutations

You are immune to sickness and miasma.
You are immune to poison.
Your flesh is very heat resistant. (rF++)
You are vulnerable to cold. (rC-)
You float through the air rather than walking.
You learn spells naturally, not from books.
Your magical power is your life essence.
You have superior vitality. (+4 MHP)


   Skills:
 - Level 3.0 Fighting
 - Level 5.2 Ranged Weapons
 - Level 1.4 Armour
 + Level 2.2 Dodging
 - Level 0.7 Stealth


You knew the following spells:

 Your Spells              Type           Power      Damage    Failure   Level
a - Sting                 Conj/Alch      0%         1d3       67%         1
b - Mercury Vapours       Alch/Air       0%         N/A       82%         2
Your spell library was empty.

Inventory:

Hand Weapons
 a - a +0 shortbow (weapon)
Armour
 c - the +0 pair of gloves "Riteeriff" {Dex+6}
   (You found it on level 2 of the Dungeon)

   Dex+6:     It affects your dexterity (+6).
 d - a +0 ring mail (worn)
Scrolls
 b - a scroll of enchant armour {unknown}
 e - a scroll of identify

Dungeon Overview and Level Annotations

Branches:
Dungeon (2/15)

Altars:

Annotations:
D:2 Terence


Message History

Your Ranged Weapons skill increases to level 5!
You have reached level 5!
The power to cast Mercury Vapours wells up from within.
Spell assigned to 'b'.
You have reached level 6!
You start resting.
HP restored.
You see here a hobgoblin corpse.
A frilled lizard comes into view.
You shoot an arrow.
The arrow hits the frilled lizard but does no damage.
The frilled lizard hisses angrily.
You shoot an arrow.
The arrow completely misses the frilled lizard.
You shoot an arrow. The arrow hits the frilled lizard.
You kill the frilled lizard!
Terence the Incautious comes into view.
He is wielding a +0 flail of protection.
You shoot an arrow. The arrow barely misses Terence.
You shoot an arrow. The arrow hits Terence.
Terence is lightly wounded.
Terence says, "Did you write a will?
You should..."
Terence hits you with a +0 flail of protection!
You shoot an arrow. The arrow hits Terence.
Terence is lightly wounded.
Terence hits you with a +0 flail of protection!
You shoot an arrow.
The arrow hits Terence but does no damage.
Terence is lightly wounded.
Terence hits you with a +0 flail of protection.
You shoot an arrow.
The arrow hits Terence but does no damage.
Terence is lightly wounded.
Terence hits you with a +0 flail of protection.
Terence hits you with a +0 flail of protection!
You shoot an arrow.
The arrow hits Terence but does no damage.
Terence is lightly wounded.
Terence hits you with a +0 flail of protection!
You die...
Terence says, "Rest in peace."

## #. #.#####
#.#... #@#.######
#.@......#. ######
###....#.#.###....#
#.......#......#.#
#.......#........#
#.......#.........
#.......#........#
#.......###.##.#..
#............%....
##....#####.%..###


You could see Terence.

Vanquished Creatures
  Sigmund (D:2)
  2 adders (D:2)
  2 dart slugs (D:2)
  2 ribbon worms (D:2)
  3 bats
  2 endoplasms
  A giant cockroach (D:1)
  4 goblins
  5 hobgoblins
  7 jackals
  A kobold (D:1)
  2 quokkas (D:2)
  5 ball pythons
  4 frilled lizards
  2 rats (D:1)
43 creatures vanquished.

Notes
Turn   | Place    | Note
-------+----------+-------------------------------------------
     0 | D:1      | qw the Djinni Hunter began the quest for the Orb.
     0 | D:1      | Reached XP level 1. HP: 18/18 MP: 0/0
     0 | D:1      | 0 ||| qw: Version: 0.3-a-136-gdd3b4e8
     0 | D:1      | 0 ||| qw: Game counter: 981
     0 | D:1      | 0 ||| qw: Melee chars always use a shield: true
     0 | D:1      | 0 ||| qw: God list: Okawaru
     0 | D:1      | 0 ||| qw: Allow faded altars: false
     0 | D:1      | 0 ||| qw: Do Orc after clearing Dungeon:15 true
     0 | D:1      | 0 ||| qw: Do second Lair branch before Depths: true
     0 | D:1      | 0 ||| qw: Lair rune preference: random
     0 | D:1      | 0 ||| qw: Goals: Normal
     0 | D:1      | 0 ||| PLANNING D:1-11
   124 | D:1      | Reached XP level 2. HP: 23/23 MP: 0/0
   133 | D:1      | Found a faded altar of an unknown god.
   530 | D:1      | Reached XP level 3. HP: 25/28 MP: 0/0
   530 | D:1      | Learned a level 1 spell: Sting
   553 | D:1      | Reached skill level 4 in Ranged Weapons
   707 | D:1      | 707 ||| UPGRADING to +0 ring mail.
   717 | D:1      | 717 ||| DROPPING +0 leather armour.
   718 | D:1      | 718 ||| READING scroll labelled NYDAUJ WAHE.
   719 | D:1      | 719 ||| READING scroll labelled DUMAIGO UDAUN.
   720 | D:1      | 720 ||| DROPPING scroll of butterflies.
   974 | D:2      | Reached skill level 1 in Armour
  1063 | D:2      | Identified the +0 mace "Spiderbane" {freeze, +Blink}
  1098 | D:2      | Identified the +0 pair of gloves "Riteeriff" {Dex+6}
  1135 | D:2      | Reached XP level 4. HP: 34/34 MP: 0/0
  1182 | D:2      | 1182 ||| FLEEEEING.
  1183 | D:2      | 1183 ||| FLEEEEING.
  1184 | D:2      | 1184 ||| FLEEEEING.
  1185 | D:2      | 1185 ||| FLEEEEING.
  1186 | D:2      | 1186 ||| FLEEEEING.
  1187 | D:2      | 1187 ||| FLEEEEING.
  1232 | D:2      | Reached skill level 3 in Fighting
  1233 | D:2      | Noticed Sigmund
  1245 | D:2      | HP: 6/35 [Sigmund/+0 scythe (6)]
  1249 | D:2      | Killed Sigmund
  1250 | D:2      | Reached skill level 5 in Ranged Weapons
  1250 | D:2      | Reached XP level 5. HP: 8/40 MP: 0/0
  1250 | D:2      | Learned a level 2 spell: Mercury Vapours
  1250 | D:2      | Reached XP level 6. HP: 9/46 MP: 0/0
  1402 | D:2      | Noticed Terence
  1407 | D:2      | HP: 7/46 [Terence/+0 flail of protection (9)]
  1408 | D:2      | Slain by Terence

Levels and vault maps discovered:
D:1:      dpeg_arrival_concentric_ovals, layout_basic, serial_rivers,
          chequers_serial_rivers_micro_d, chequers_serial_rivers_micro_a,
          chequers_serial_rivers_small_b, chequers_serial_rivers_room_a,
          ebering_ecumenical_altar_rust
D:2:      layout_basic, uniq_crazy_yiuf_cottage, uniq_sigmund, uniq_terence

Skill      XL: |  1  2  3  4 |
---------------+-------------+-----
Ranged Weapons | 4 5 |  5.2
Armour         | 1 |  1.4
Fighting       | 3 |  3.0
Dodging        | |  2.2
Stealth        | |  0.7

Action                     |  1- 3 |  4- 6 || total
---------------------------+-------+-------++-------
   Fire: Shortbow          |    87 |    69 ||   156
    Use: Scroll            |     2 |       ||     2
 Armour: Leather armour    |    14 |       ||    14
         Ring mail         |    15 |    37 ||    52
  Dodge: Dodged            |    39 |    25 ||    64

Table legend:
 A = Non-vault XP
 B = Vault XP
 C = Vault XP percentage of total XP
 D = Non-vault monster count
 E = Vault monster count
 F = Vault count percentage of total count
                 A         B        C        D         E       F
            +---------+---------+-------+---------+---------+-------
      Total |     104 |     214 |  67.3 |      42 |       1 |   2.3
            +---------+---------+-------+---------+---------+-------
        D:1 |      33 |       0 |   0.0 |      19 |       0 |   0.0
        D:2 |      71 |     214 |  75.1 |      23 |       1 |   4.2
            +---------+---------+-------+---------+---------+-------
